 Dungeon Crawl Stone Soup version 0.24.1-8-ga250c9d538 (webtiles) character file.

Game seed: 1006668941433867742, levelgen mode: deterministic

65 Descartes the Magician (level 3, -1/19 HPs)
             Began as a Deep Elf Air Elementalist on May 1, 2020.
             Slain by a gnoll
             ... wielding a cursed -1 halberd
              (14 damage)
             ... on level 2 of the Dungeon.
             The game lasted 00:04:29 (1427 turns).

Descartes the Magician (Deep Elf Air Elementalist)  Turns: 1427, Time: 00:04:29

Health: -1/19      AC:  2    Str:  5    XL:     3   Next: 92%
Magic:  2/10       EV: 13    Int: 20    God:
Gold:   105        SH:  0    Dex: 15    Spells: 8/9 levels left

rFire    . . .     SeeInvis .   j - +1 dagger
rCold    . . .     Gourm    .   (no shield)
rNeg     . . .     Faith    .   a - +0 robe
rPois    .         Spirit   .   (no helmet)
rElec    .         Reflect  .   (no cloak)
rCorr    .         Harm     .   (no gloves)
MR       .....                  (no boots)
Stlth    ++........             n - amulet of inaccuracy (curse)
HPRegen  0.06/turn              (no ring)
MPRegen  0.12/turn              (no ring)

@: very slightly contaminated
A: no striking features
a: no special abilities


You were on level 2 of the Dungeon.
You were not hungry.

You visited 1 branch of the dungeon, and saw 2 of its levels.

You collected 105 gold pieces.

Inventory:

Hand Weapons
 j - a +1 dagger (weapon)
Missiles
 d - 30 arrows
 i - 7 atropa-tipped darts (quivered)
 k - 29 stones
Armour
 a - a +0 robe (worn)
Jewellery
 n - a cursed amulet of inaccuracy (around neck)
Scrolls
 h - 2 scrolls of teleportation
 l - a scroll of blinking {unknown}
Potions
 b - 3 potions of might
 e - a potion of degeneration {unknown}
 f - a potion of brilliance {unknown}
 g - a potion of lignification {unknown}
Comestibles
 c - 3 rations
 m - 2 chunks of flesh


   Skills:
 + Level 3.1 Dodging
 + Level 3.2 Stealth
 + Level 3.7 Spellcasting
 + Level 2.0 Conjurations
 + Level 3.4 Air Magic


You had 8 spell levels left.
You knew the following spells:

 Your Spells              Type           Power        Failure   Level  Hunger
a - Shock                 Conj/Air       ##..         4%          1    None

Your spell library contained the following spells:

 Spells                   Type           Power        Failure   Level  Hunger
 Swiftness                Chrm/Air       ##......     10%         2    ##.....
 Static Discharge         Conj/Air       ##......     13%         3    ###....
 Airstrike                Air            ###.......   32%         4    ####...
 Lightning Bolt           Conj/Air       ##........   75%         5    ######.


Dungeon Overview and Level Annotations

Branches:
Dungeon (2/15)

Altars:


Message History

A bat comes into view.
The bat moves out of view.
The bat closely misses you.
You see here a jackal corpse.
Casting: Shock (safe; 4% risk of failure)
Confirm with . or Enter, or press ? or * to list all spells.
Aiming: Shock (safe; 4% risk of failure)
Press: ? - help, Shift-Dir - straight line, f/p - gnoll
Aim: a gnoll, wielding a +0 whip (almost dead)
The zap hits the gnoll.
The gnoll is moderately wounded.
The zap misses the hobgoblin.
The zap hits the gnoll.
The gnoll is almost dead.
The zap hits the gnoll.
You kill the gnoll!
Your Conjurations skill increases to level 2!
The bat hits you but does no damage.
The gnoll hits you from afar with a cursed -1 halberd!
Ouch! That really hurt!
You die...

##### #...
###########.########
#.....)...÷........#
#>...........[)....#
####.##...#.##b)##.#
#.
###<#.##...#)######
# #.#.##..@........
#...####..##.#†#.
#.#.# ##g# #.#.# #g#
#.#.# #.## #.# #g.#
#.. ##.#
######)#####.#
..............#


You could see 2 gnolls, a hobgoblin and a bat.

Vanquished Creatures
  A gnoll (D:2)
  An adder (D:2)
  3 giant cockroaches
  7 goblins
  8 hobgoblins
  2 jackals (D:2)
  3 bats (D:1)
  3 frilled lizards
  8 kobolds
  8 rats
44 creatures vanquished.

Notes
Turn   | Place    | Note
-------+----------+-------------------------------------------
     0 | D:1      | Descartes the Deep Elf Air Elementalist began the quest for
                  | the Orb.
     0 | D:1      | Reached XP level 1. HP: 10/10 MP: 6/6
   282 | D:1      | Reached XP level 2. HP: 15/15 MP: 5/8
   825 | D:1      | Reached XP level 3. HP: 19/19 MP: 0/9
  1427 | D:2      | Slain by a gnoll

Levels and vault maps discovered:
D:1:      lightli_arrival_maybe_door_vault, layout_loops_ring, st_stairs_8,
          minmay_small_reverse_x
D:2:      layout_basic, kennysheep_okawaru_gauntlet, first_ration,
          fedhas_altar_4

Skill      XL: |  1  2  3 |
---------------+----------+-----
Stealth        | 3 |  3.2
Dodging        | 3 |  3.1
Conjurations   | 2 |  2.0
Spellcasting   | |  3.7
Air Magic      | |  3.4

Action                   || total
-------------------------++-------
 Cast: Shock             ||    82
  Use: Scroll            ||     3
  Eat: Chunk             ||     1
Armor: Robe              ||     3
Dodge: Dodged            ||    19
